 Dungeon Crawl Stone Soup version 0.27.0-66-gdc8fb28755 (webtiles) character file.

Game seed: 8255318909169868431

266 Thatpatchoflichen the Changer (level 6, -2/47 HPs)
             Began as a Draconian Transmuter on Aug 19, 2021.
             Succumbed to a killer bee's poison
             ... on level 3 of the Dungeon.
             The game lasted 00:07:54 (3436 turns).

Thatpatchoflichen the Changer (DrTm)                Turns: 3436, Time: 00:07:55

Health: -2/47      AC:  8    Str: 13    XL:     6   Next: 0%
Magic:  10/10      EV: 12    Int: 15    God:
Gold:   135        SH:  0    Dex: 11    Spells: 7/10 levels left

rFire    x . .     SeeInvis .   k - +2 dagger (venom)
rCold    + . .     Faith    +   (no shield)
rNeg     . . .     Spirit   .   (armour unavailable)
rPois    .         Reflect  .   (helmet restricted)
rElec    .         Harm     .   q - +1 cloak
rCorr    .         Rampage  .   (no gloves)
Will     .....                  (no boots)
Stlth    +.........             w - amulet of faith
HPRegen  0.15/turn              u - ring of ice
MPRegen  0.12/turn              (no ring)

@: lethally poisoned (-2 -> -20)
A: AC +6, unfitting armour, cold-blooded
a: no special abilities


You were on level 3 of the Dungeon.
You visited 1 branch of the dungeon, and saw 4 of its levels.

You collected 135 gold pieces.

Inventory:

Hand Weapons
 k - a +2 dagger of venom (weapon)
 m - a +6 short sword
 p - a +3 quarterstaff of chaos
 s - a +1 vampiric short sword
 t - a +1 vampiric dagger
Missiles
 a - 18 poisoned darts
 d - 59 stones
Armour
 q - a +1 cloak (worn)
Jewellery
 u - a ring of ice (left hand)
 w - an amulet of faith (around neck)
Wands
 v - a wand of paralysis (10)
Scrolls
 b - 3 scrolls of identify {unknown}
 c - 2 scrolls of enchant armour {unknown}
 e - 2 scrolls of noise {unknown}
 h - 3 scrolls of teleportation {unknown}
 l - 2 scrolls of acquirement {unknown}
 n - a scroll of silence {unknown}
Potions
 f - a potion of attraction {unknown}
 g - 2 potions of curing
 i - a potion of lignification {unknown}
 j - a potion of haste {unknown}
 o - a potion of flight {unknown}
 r - a potion of degeneration {unknown}


   Skills:
 - Level 1.1 Fighting
 - Level 1.7 Dodging
 - Level 3.0 Unarmed Combat
 + Level 2.8 Spellcasting
 + Level 4.7 Transmutations
 + Level 3.2 Ice Magic


You had 7 spell levels left.
You knew the following spells:

 Your Spells              Type           Power      Damage    Failure   Level
a - Beastly Appendage     Tmut           32%        N/A       3%          1
b - Wereblood             Tmut           16%        N/A       4%          2

Your spell library contained the following spells:

 Spells                   Type           Power      Damage    Failure   Level
 Summon Small Mammal      Summ           8%         N/A       21%         1
 Spider Form              Tmut/Pois      4%         N/A       24%         3
 Ice Form                 Ice/Tmut       21%        N/A       36%         4
 Call Canine Familiar     Summ           2%         N/A       52%         3
 Summon Guardian Golem    Hex/Summ       2%         N/A       52%         3
 Iskenderun's Battlesphe  Conj           2%         2d6       99%         5
 Iron Shot                Conj/Erth      1%         9d1       100%        6
 Spellforged Servitor     Conj/Summ      1%         N/A       100%        7


Dungeon Overview and Level Annotations

Branches:
Dungeon (4/15)
 Temple: D:4-7

Altars:
Ashenzari
Kikubaaqudgha
The Shining One


Innate Abilities, Weirdness & Mutations

Your plain brown scales are hard. (AC +6)
You cannot fit into any form of body armour.
You are cold-blooded and may be slowed by cold attacks.


Message History

The killer bee stings you but does no damage.
The killer bee barely misses you. The killer bee stings you.
You are more poisoned.
The killer bee poisons you! The killer bee stings you!
The killer bee stings you but does no damage.
The killer bee closely misses you. The killer bee barely misses you.
The killer bee completely misses you. The killer bee stings you.
The howler monkey zombie closely misses you.
The killer bee completely misses you. The killer bee barely misses you.
The killer bee stings you.
There is a stone staircase leading up, spattered with blood here.
You feel very sick.
The killer bee stings you but does no damage. x2
The killer bee barely misses you.
The killer bee stings you but does no damage.
The killer bee misses you. The killer bee closely misses you. x2
The killer bee misses you. The killer bee barely misses you.
The howler monkey zombie barely misses you.
The killer bee stings you.
You are lethally poisoned!
The killer bee poisons you! The killer bee stings you.
The killer bee stings you but does no damage.
You climb upwards.
* * * LOW HITPOINT WARNING * * *
You feel extremely sick.
There is a stone staircase leading down here.
* * * LOW HITPOINT WARNING * * *
You feel very sick. The killer bee stings you.
* * * LOW HITPOINT WARNING * * *
The killer bee stings you.
* * * LOW HITPOINT WARNING * * *
You are more poisoned.
The killer bee poisons you!
The killer bee stings you but does no damage. x2
The killer bee barely misses you.
The killer bee stings you but does no damage. x2
Unknown command.
Unknown command.
You die...

.......................)..# ##.
...##..............([..)..#####..
...##..#........................#
#.....###......................##
#.###..###......>.............###
.........#....................###
............#..#.<............##.
............#.y#.#.#.............
.........#...yy.@#.#.............
.........#..#.yy.#.#.............
...............y......###<.......
.........#.)####......#####.#....
.........#..# ##.#..........#....
............# #..##...####..###..
..........#.# #.####### #..# ###
###.#####.#.# #.# #..# # ###
#.#.# #.# ##.#####


You could see 6 killer bees.

Vanquished Creatures
  A scorpion (D:3)
  Terence (D:3)
  Crazy Yiuf (D:2)
  Natasha (twice) (D:2)
  3 adders
  A dart slug (D:2)
  3 worms
  2 orcs (D:3)
  4 bats
  3 endoplasms
  3 giant cockroaches
  12 goblins
  7 hobgoblins
  4 jackals (D:2)
  4 kobolds
  2 quokkas
  5 ball pythons
  2 frilled lizards
  2 rats
  3 rat zombies (D:3)
65 creatures vanquished.

Vanquished Creatures (others)
  3 fungi (D:2)
3 creatures vanquished.

Grand Total: 68 creatures vanquished

Notes
Turn   | Place    | Note
-------+----------+-------------------------------------------
     0 | D:1      | Thatpatchoflichen the Draconian Transmuter began the quest
                  | for the Orb.
     0 | D:1      | Reached XP level 1. HP: 16/16 MP: 3/3
   103 | D:1      | Found a faded altar of an unknown god.
   246 | D:1      | Reached XP level 2. HP: 16/23 MP: 5/5
   642 | D:1      | Reached skill level 3 in Transmutations
   843 | D:1      | Learned a level 2 spell: Wereblood
  1430 | D:2      | Reached XP level 3. HP: 11/28 MP: 6/6
  1437 | D:2      | Reached skill level 1 in Ice Magic
  1842 | D:2      | Noticed Natasha
  1851 | D:2      | Killed Natasha
  1852 | D:2      | Reached XP level 4. HP: 15/35 MP: 7/7
  2370 | D:2      | Noticed Natasha
  2378 | D:2      | Killed Natasha
  2379 | D:2      | Reached skill level 4 in Transmutations
  2422 | D:2      | Found a runed translucent door.
  2423 | D:2      | Noticed Crazy Yiuf
  2431 | D:2      | Killed Crazy Yiuf
  2646 | D:3      | Noticed a scorpion
  2650 | D:3      | Reached XP level 5. HP: 40/40 MP: 4/8
  2756 | D:3      | Found a broken altar of Ashenzari.
  2831 | D:3      | Found a glowing golden altar of the Shining One.
  2928 | D:3      | Noticed Terence
  2947 | D:3      | Killed Terence
  3178 | D:3      | Found an ancient bone altar of Kikubaaqudgha.
  3300 | D:3      | Reached XP level 6. HP: 47/47 MP: 10/10
  3435 | D:3      | HP: 2/47 [killer bee (1)]
  3436 | D:3      | Succumbed to a killer bee's poison

Illustrated notes

Levels and vault maps discovered:
D:1:      roderic_octagonal_star, layout_basic, basic_ecumenical_altar,
          minmay_tetromino_s2
D:2:      layout_loops_ring, uniq_crazy_yiuf_cottage, uniq_natasha
D:3:      layout_rooms, nicolae_tso_swordbearing_angel,
          lemuel_zombie_altar_kikubaaqudgha, ashenzari_altar_1, uniq_terence
D:4:      gammafunk_steamed_eel, layout_rooms, dancing_weapons_uskayaw,
          uniq_pikel

Skill      XL: |  1  2  3  4  5 |
---------------+----------------+-----
Transmutations | 3 4 |  4.7
Ice Magic      | 1 2 3 |  3.2
Fighting       | |  1.1
Dodging        | |  1.7
Unarmed Combat | |  3.0
Spellcasting   | |  2.8

Action                   |  1- 3 |  4- 6 || total
-------------------------+-------+-------++-------
Melee: Unarmed           |    58 |       ||    58
       Headbutt          |     7 |     2 ||     9
       Tailslap          |     4 |    12 ||    16
       Kick              |     7 |     6 ||    13
       Dagger            |    37 |       ||    37
       Short sword       |     6 |    94 ||   100
       Punch             |     1 |     2 ||     3
 Cast: Beastly Appendage |    17 |     3 ||    20
       Wereblood         |       |     2 ||     2
  Use: Potion            |       |     1 ||     1
Armor: Skin              |    37 |    47 ||    84
Dodge: Dodged            |    75 |    90 ||   165
